TOP OF THE 1ST |
Salem-Keizer Volcanoes batting - Pitching for Boise Hawks : RHP Yasushi Osumi
|
Pitching: RHP Yasushi Osumi
|
|
Batting: LHB Gil Caraveo
|
0-0: Called Strike 0-1: SINGLE (Line Drive, 89S, EV 93.8 MPH)
|
Batting: RHB Bill Defazio
|
0-0: Called Strike 0-1: Foul Ball, location: 2F 0-2: Ball 1-2: Ball 2-2: Strikes out swinging
|
Batting: LHB Jared Paige
|
0-0: Ball Gil Caraveo steals 2nd base 1-0: Swinging Strike 1-1: Ball 2-1: Foul Ball, location: 2F 2-2: Strikes out looking
|
Batting: RHB Ian Richardson
|
0-0: Called Strike 0-1: 2-RUN HOME RUN (Flyball, 9D, EV 95.6 MPH), Distance : 358 ft
|
Batting: LHB Al Hernandez
|
0-0: Ball 1-0: Ball 2-0: Ball 3-0: Called Strike 3-1: Called Strike 3-2: Base on Balls
|
Batting: LHB Alexis Cantu
|
0-0: Ball 1-0: Ball 2-0: Ball 3-0: Called Strike 3-1: Foul Ball, location: 2F 3-2: Fly out, F7 (Flyball, 7S, EV 90.0 MPH)
|
Top of the 1st over - 2 runs, 2 hits, 0 errors, 1 left on base; Salem-Keizer 2 - Boise 0 |
BOTTOM OF THE 1ST |
Boise Hawks batting - Pitching for Salem-Keizer Volcanoes : RHP Ryan Hoagland
|
Pitching: RHP Ryan Hoagland
|
|
Batting: RHB Steve Waltenbery
|
0-0: Ball 1-0: Called Strike 1-1: SINGLE (Flyball, 7LS, EV 85.0 MPH)
|
Batting: SHB Pete Perla
|
0-0: Ball Steve Waltenbery steals 2nd base 1-0: Ball 2-0: Foul Ball, location: 2F 2-1: SINGLE (Line Drive, 8RM, EV 98.1 MPH) Steve Waltenbery to third
|
Batting: RHB Ernest Olkowicz
|
0-0: Ball 1-0: Ball 2-0: Fly out, F8 (Flyball, 8RD, EV 91.9 MPH) Runner from 3rd tags up, SCORES, throw by CF
|
Batting: RHB Andy Solorzano
|
0-0: Ball 1-0: Ball 2-0: Fly out, F2 (Popup, 15S, EV 86.3 MPH)
|
Batting: LHB Ryan Rodgers
|
0-0: Ball 1-0: Called Strike 1-1: Called Strike 1-2: Ball Pete Perla steals 2nd base 2-2: Ball 3-2: Fly out, F6 (Line Drive, 6, EV 66.3 MPH)
|
Bottom of the 1st over - 1 run, 2 hits, 0 errors, 1 left on base; Salem-Keizer 2 - Boise 1 |
TOP OF THE 2ND |
Salem-Keizer Volcanoes batting - Pitching for Boise Hawks : RHP Yasushi Osumi
|
Batting: RHB Jason Gregor
|
0-0: Ball 1-0: Ball 2-0: Called Strike 2-1: Swinging Strike 2-2: Strikes out swinging
|
Batting: RHB Dinand Brouwer
|
0-0: Ball 1-0: Foul Ball, location: 2F 1-1: Fly out, F8 (Flyball, 89XD, EV 103.8 MPH)
|
Batting: RHB John Tyra
|
0-0: Ball 1-0: Swinging Strike 1-1: Foul Ball, location: 2F 1-2: Ball 2-2: Strikes out swinging
|
Top of the 2nd over - 0 runs, 0 hits, 0 errors, 0 left on base; Salem-Keizer 2 - Boise 1 |
BOTTOM OF THE 2ND |
Boise Hawks batting - Pitching for Salem-Keizer Volcanoes : RHP Ryan Hoagland
|
Batting: RHB Matt Robert
|
0-0: Ball 1-0: Called Strike 1-1: Called Strike 1-2: Ball 2-2: DOUBLE (Flyball, 8LXD, EV 95.6 MPH)
|
Batting: RHB Craig Gomez
|
0-0: Ball 1-0: Called Strike 1-1: Swinging Strike 1-2: Ball 2-2: Fly out, F8 (Flyball, 8RXD, EV 91.3 MPH) Runner from 2nd tags up, SAFE at 3rd, no throw by CF
|
Batting: LHB Joe Miller
|
0-0: Called Strike 0-1: Called Strike 0-2: Foul Ball, location: 2F 0-2: Ball 1-2: Ball 2-2: Strikes out looking
|
Batting: LHB Mick Knopp
|
0-0: Ball 1-0: Ball 2-0: Ball 3-0: Base on Balls
|
Batting: RHB Steve Waltenbery
|
0-0: Ball 1-0: Called Strike 1-1: Ball 2-1: Ball 3-1: Base on Balls Mick Knopp to second
|
Batting: SHB Pete Perla
|
0-0: Ball 1-0: Called Strike 1-1: Ball 2-1: Foul Ball, location: 2F 2-2: Fly out, F9 (Flyball, 9, EV 91.3 MPH)
|
Bottom of the 2nd over - 0 runs, 1 hit, 0 errors, 3 left on base; Salem-Keizer 2 - Boise 1 |
TOP OF THE 3RD |
Salem-Keizer Volcanoes batting - Pitching for Boise Hawks : RHP Yasushi Osumi
|
Batting: LHB Gil Caraveo
|
0-0: Called Strike 0-1: Called Strike 0-2: Ball 1-2: Ball 2-2: Foul Ball, location: 2F 2-2: Strikes out swinging
|
Batting: RHB Bill Defazio
|
0-0: Ball 1-0: Ball 2-0: Ball 3-0: Base on Balls
|
Batting: LHB Jared Paige
|
0-0: Ball 1-0: SINGLE (Groundball, 4MD, EV 110.0 MPH) Bill Defazio to second Runner from 2nd tries for 3rd, OUT! 8-5 Jared Paige to second
|
Batting: RHB Ian Richardson
|
0-0: Ball 1-0: Ball 2-0: Foul Ball, location: 2F 2-1: Foul Ball, location: 2F 2-2: Strikes out swinging
|
Top of the 3rd over - 0 runs, 1 hit, 0 errors, 1 left on base; Salem-Keizer 2 - Boise 1 |
BOTTOM OF THE 3RD |
Boise Hawks batting - Pitching for Salem-Keizer Volcanoes : RHP Ryan Hoagland
|
Batting: RHB Ernest Olkowicz
|
0-0: Ball 1-0: Ball 2-0: Ball 3-0: Foul Ball, location: 2F 3-1: Base on Balls
|
Batting: RHB Andy Solorzano
|
0-0: Ball 1-0: Foul Ball, location: 2F 1-1: Swinging Strike 1-2: Ball 2-2: Foul Ball, location: 2F 2-2: Strikes out swinging
|
Batting: LHB Ryan Rodgers
|
0-0: Called Strike 0-1: Ball Ernest Olkowicz steals 2nd base 1-1: Ball 2-1: Ball 3-1: Foul Ball, location: 2F 3-2: Ground out 6-3 (Groundball, 6, EV 110.6 MPH)
|
Batting: RHB Matt Robert
|
0-0: Ball 1-0: Called Strike 1-1: Ball 2-1: 2-RUN HOME RUN (Flyball, 7LD, EV 91.9 MPH), Distance : 331 ft
|
Batting: RHB Craig Gomez
|
0-0: Ball 1-0: Called Strike 1-1: SINGLE (Flyball, 34D, EV 91.9 MPH)
|
Batting: LHB Joe Miller
|
0-0: Ball 1-0: Foul Ball, location: 2F 1-1: SINGLE (Groundball, 34D, EV 96.3 MPH) Craig Gomez to second Runner from 2nd tries for 3rd, SAFE, throw by RF made to third
|
Batting: LHB Mick Knopp
|
0-0: Fielders Choice at 2nd, 5-4 (Groundball, 56, EV 95.0 MPH)
|
Bottom of the 3rd over - 2 runs, 3 hits, 0 errors, 2 left on base; Salem-Keizer 2 - Boise 3 |
TOP OF THE 4TH |
Salem-Keizer Volcanoes batting - Pitching for Boise Hawks : RHP Yasushi Osumi
|
Batting: LHB Al Hernandez
|
0-0: Ball 1-0: Ball 2-0: Ball 3-0: Base on Balls
|
Batting: LHB Alexis Cantu
|
0-0: Foul Ball, location: 2F 0-1: Grounds into double play, 4-6-3 (Groundball, 34D, EV 83.8 MPH)
|
Batting: RHB Jason Gregor
|
0-0: Ball 1-0: Foul Ball, location: 2F 1-1: Ball 2-1: Foul Ball, location: 2F 2-2: Foul Ball, location: 2F 2-2: Foul Ball, location: 2F 2-2: Strikes out looking
|
Top of the 4th over - 0 runs, 0 hits, 0 errors, 0 left on base; Salem-Keizer 2 - Boise 3 |
BOTTOM OF THE 4TH |
Boise Hawks batting - Pitching for Salem-Keizer Volcanoes : RHP Ryan Hoagland
|
Batting: RHB Steve Waltenbery
|
0-0: Ball 1-0: Called Strike 1-1: Foul Ball, location: 2F 1-2: Ball 2-2: Ball 3-2: Strikes out swinging
|
Pitching: RHP Dylan Mosley
|
|
Batting: SHB Pete Perla
|
0-0: Foul Ball, location: 2F 0-1: Fly out, F7 (Flyball, 7, EV 83.8 MPH)
|
Batting: RHB Ernest Olkowicz
|
0-0: Swinging Strike 0-1: Foul Ball, location: 2F 0-2: Hit by Pitch
|
Batting: RHB Andy Solorzano
|
0-0: Ball 1-0: Ball 2-0: Called Strike 2-1: Swinging Strike 2-2: Strikes out swinging
|
Bottom of the 4th over - 0 runs, 0 hits, 0 errors, 1 left on base; Salem-Keizer 2 - Boise 3 |
TOP OF THE 5TH |
Salem-Keizer Volcanoes batting - Pitching for Boise Hawks : RHP Yasushi Osumi
|
Batting: RHB Dinand Brouwer
|
0-0: Ball 1-0: Foul Ball, location: 2F 1-1: Ball 2-1: Called Strike 2-2: Strikes out looking
|
Batting: RHB John Tyra
|
0-0: Called Strike 0-1: Called Strike 0-2: Strikes out swinging
|
Batting: LHB Gil Caraveo
|
0-0: Ball 1-0: Ball 2-0: Ball 3-0: Called Strike 3-1: Base on Balls
|
Pitching: LHP Ruben Nunez
|
|
Batting: RHB Bill Defazio
|
0-0: Ball 1-0: Called Strike Gil Caraveo steals 2nd base 1-1: Foul Ball, location: 2F 1-2: Ball 2-2: Ball 3-2: Foul Ball, location: 2F 3-2: Foul Ball, location: 2F 3-2: DOUBLE (Flyball, 89D, EV 106.3 MPH) Gil Caraveo scores
|
Batting: LHB Jared Paige
|
0-0: Ball 1-0: Called Strike 1-1: Called Strike 1-2: Strikes out swinging
|
Top of the 5th over - 1 run, 1 hit, 0 errors, 1 left on base; Salem-Keizer 3 - Boise 3 |
BOTTOM OF THE 5TH |
Boise Hawks batting - Pitching for Salem-Keizer Volcanoes : RHP Dylan Mosley
|
Batting: LHB Ryan Rodgers
|
0-0: Called Strike 0-1: Ball 1-1: Foul Ball, location: 2F 1-2: Foul Ball, location: 2F 1-2: Ball 2-2: Strikes out swinging
|
Batting: RHB Matt Robert
|
0-0: Called Strike 0-1: Fly out, F8 (Line Drive, 8RM, EV 86.9 MPH)
|
Batting: RHB Craig Gomez
|
0-0: Ball 1-0: Foul Ball, location: 2F 1-1: Called Strike 1-2: Ball 2-2: SINGLE (Groundball, 4D, EV 100.6 MPH)
|
Batting: LHB Joe Miller
|
0-0: Ball 1-0: Ball 2-0: Ball Craig Gomez steals 2nd base 3-0: Base on Balls
|
Batting: LHB Mick Knopp
|
0-0: Called Strike 0-1: Ground out 4-3 (Groundball, 4, EV 108.8 MPH)
|
Bottom of the 5th over - 0 runs, 1 hit, 0 errors, 2 left on base; Salem-Keizer 3 - Boise 3 |
TOP OF THE 6TH |
Salem-Keizer Volcanoes batting - Pitching for Boise Hawks : LHP Ruben Nunez
|
Batting: RHB Ian Richardson
|
0-0: Ball 1-0: Ground out 6-3 (Groundball, 6, EV 81.3 MPH)
|
Batting: LHB Al Hernandez
|
0-0: Ball 1-0: Foul Ball, location: 2F 1-1: Swinging Strike 1-2: Strikes out swinging
|
Batting: LHB Alexis Cantu
|
0-0: Called Strike 0-1: Ball 1-1: Ball 2-1: Foul Ball, location: 2F 2-2: Ball 3-2: Hit by Pitch
|
Batting: RHB Jason Gregor
|
0-0: Ball 1-0: Called Strike 1-1: Swinging Strike 1-2: Strikes out looking
|
Top of the 6th over - 0 runs, 0 hits, 0 errors, 1 left on base; Salem-Keizer 3 - Boise 3 |
BOTTOM OF THE 6TH |
Boise Hawks batting - Pitching for Salem-Keizer Volcanoes : RHP Dylan Mosley
|
Batting: RHB Steve Waltenbery
|
0-0: Called Strike 0-1: Ball 1-1: Ball 2-1: Ground out 6-3 (Groundball, 6, EV 98.1 MPH)
|
Batting: SHB Pete Perla
|
0-0: Called Strike 0-1: DOUBLE (Flyball, 78D, EV 109.4 MPH)
|
Batting: RHB Ernest Olkowicz
|
0-0: Called Strike 0-1: Ball 1-1: Swinging Strike 1-2: Ball 2-2: Ground out 5-3 (Groundball, 5S, EV 66.3 MPH) Pete Perla to third
|
Batting: RHB Andy Solorzano
|
0-0: Called Strike 0-1: Ball 1-1: SINGLE (Flyball, 8RS, EV 92.5 MPH) Pete Perla scores
|
Batting: LHB Ryan Rodgers
|
0-0: Called Strike 0-1: Ball 1-1: Called Strike 1-2: DOUBLE (Flyball, 8RXD, EV 89.4 MPH) Andy Solorzano to third Runner from 3rd tries for Home, SAFE, throw by CF to home
|
Batting: RHB Matt Robert
|
0-0: Ball 1-0: Foul Ball, location: 2F 1-1: Ball 2-1: Foul Ball, location: 2F 2-2: Foul Ball, location: 2F 2-2: Foul Ball, location: 2F 2-2: Ball 3-2: Foul Ball, location: 2F 3-2: SINGLE (Line Drive, 8RS, EV 93.8 MPH) Ryan Rodgers to third Runner from 3rd tries for Home, throw by CF and OUT! 8-2
|
Bottom of the 6th over - 2 runs, 4 hits, 0 errors, 1 left on base; Salem-Keizer 3 - Boise 5 |
TOP OF THE 7TH |
Salem-Keizer Volcanoes batting - Pitching for Boise Hawks : LHP Ruben Nunez
|
Batting: RHB Dinand Brouwer
|
0-0: Ball 1-0: Ball 2-0: Ground out 5-3 (Groundball, 56S, EV 66.9 MPH)
|
Batting: RHB John Tyra
|
0-0: Ground out 6-3 (Groundball, 56, EV 93.1 MPH)
|
Batting: LHB Gil Caraveo
|
0-0: Ball 1-0: Foul Ball, location: 2F 1-1: Swinging Strike 1-2: Ball 2-2: Foul Ball, location: 2F 2-2: Foul Ball, location: 2F 2-2: Foul Ball, location: 2F 2-2: Ball 3-2: Foul Ball, location: 2F 3-2: DOUBLE (Line Drive, 89D, EV 104.4 MPH)
|
Batting: RHB Bill Defazio
|
0-0: Called Strike 0-1: SINGLE (Line Drive, 6MD, EV 94.4 MPH) Gil Caraveo to third Runner from 3rd tries for Home, throw by CF and OUT! 8-2
|
Top of the 7th over - 0 runs, 2 hits, 0 errors, 1 left on base; Salem-Keizer 3 - Boise 5 |
BOTTOM OF THE 7TH |
Boise Hawks batting - Pitching for Salem-Keizer Volcanoes : RHP Dylan Mosley
|
Pitching: RHP Art Crouch
|
|
Batting: RHB Craig Gomez
|
0-0: Ball 1-0: Ball 2-0: Ball 3-0: Base on Balls
|
Batting: LHB Joe Miller
|
0-0: Ball 1-0: Ball 2-0: Bunted foul 2-1: Ball 3-1: Sac Bunt to 25 - play at first, batter OUT! 5-4 Craig Gomez to second
|
Batting: LHB Mick Knopp
|
0-0: Ball 1-0: Ball 2-0: Ground out 5-3 (Groundball, 5L, EV 85.0 MPH)
|
Batting: RHB Steve Waltenbery
|
0-0: Reaches on Catchers interference
|
Batting: SHB Pete Perla
|
0-0: Ball 1-0: Ball 2-0: Ball 3-0: Base on Balls Craig Gomez to third Steve Waltenbery to second
|
Batting: RHB Ernest Olkowicz
|
0-0: Ball 1-0: Swinging Strike 1-1: Fielders Choice at 2nd, 5-4 (Groundball, 56, EV 104.4 MPH)
|
Bottom of the 7th over - 0 runs, 0 hits, 1 error, 3 left on base; Salem-Keizer 3 - Boise 5 |
TOP OF THE 8TH |
Salem-Keizer Volcanoes batting - Pitching for Boise Hawks : LHP Ruben Nunez
|
Pitching: RHP Adrian de la Cerda
|
|
Batting: LHB Jared Paige
|
0-0: Foul Ball, location: 2F 0-1: Foul Ball, location: 2F 0-2: Ball 1-2: Ball 2-2: Strikes out swinging
|
Pinch Hitting: LHB David Ramirez
|
0-0: Foul Ball, location: 2F 0-1: Ball 1-1: Foul Ball, location: 2F 1-2: SINGLE (Groundball, 15S, EV 61.9 MPH) (infield hit)
|
Batting: LHB Al Hernandez
|
0-0: Ball 1-0: Swinging Strike 1-1: Called Strike 1-2: Foul Ball, location: 2F 1-2: Foul Ball, location: 2F 1-2: Ball 2-2: Foul Ball, location: 2F 2-2: Strikes out swinging
|
Batting: LHB Alexis Cantu
|
0-0: Called Strike 0-1: 2-RUN HOME RUN (Flyball, 9D, EV 95.6 MPH), Distance : 365 ft
|
Batting: RHB Jason Gregor
|
0-0: Ball 1-0: Ground out 6-3 (Groundball, 6, EV 85.6 MPH)
|
Top of the 8th over - 2 runs, 2 hits, 0 errors, 0 left on base; Salem-Keizer 5 - Boise 5 |
BOTTOM OF THE 8TH |
Boise Hawks batting - Pitching for Salem-Keizer Volcanoes : RHP Art Crouch
|
Pitching: RHP Nick McDade
|
|
Now in LF: David Ramirez
|
|
Batting: RHB Andy Solorzano
|
0-0: Swinging Strike 0-1: Ball 1-1: Ball 2-1: Fly out, F7 (Flyball, 78M, EV 92.5 MPH)
|
Batting: LHB Ryan Rodgers
|
0-0: Reached on error, E6 (Groundball, 6, EV 90.6 MPH)
|
Batting: RHB Matt Robert
|
0-0: Ball 1-0: Foul Ball, location: 2F 1-1: Called Strike 1-2: Ball 2-2: Hit by Pitch
|
Pinch Hitting: SHB Morgan Batson
|
0-0: Ball 1-0: Called Strike 1-1: Foul Ball, location: 2F 1-2: Reached on error, E4 (Flyball, 4D, EV 81.9 MPH) Ryan Rodgers to third Matt Robert to second
|
Batting: LHB Joe Miller
|
0-0: Ball 1-0: Ball 2-0: Ball 3-0: Base on Balls Ryan Rodgers scores Matt Robert to third Morgan Batson to second
|
Batting: LHB Mick Knopp
|
0-0: Foul Ball, location: 2F 0-1: Ball 1-1: Ball 2-1: Ball 3-1: Swinging Strike 3-2: Foul Ball, location: 2F 3-2: Base on Balls Matt Robert scores Morgan Batson to third Joe Miller to second
|
Batting: RHB Steve Waltenbery
|
0-0: Ball 1-0: Called Strike 1-1: Swinging Strike 1-2: Ball 2-2: Ball 3-2: Strikes out swinging
|
Batting: SHB Pete Perla
|
0-0: Ball 1-0: Ground out 1-3 (Groundball, 15S, EV 72.5 MPH)
|
Bottom of the 8th over - 2 runs, 0 hits, 2 errors, 3 left on base; Salem-Keizer 5 - Boise 7 |
TOP OF THE 9TH |
Salem-Keizer Volcanoes batting - Pitching for Boise Hawks : RHP Adrian de la Cerda
|
Pitching: LHP Rico Saldarriaga
|
|
Now at 3B: Morgan Batson
|
|
Now in LF: Brent Moody
|
|
Batting: RHB Dinand Brouwer
|
0-0: Foul Ball, location: 2F 0-1: Ball 1-1: Called Strike 1-2: Strikes out swinging
|
Batting: RHB John Tyra
|
0-0: Called Strike 0-1: Foul Ball, location: 2F 0-2: Foul Ball, location: 2F 0-2: Ball 1-2: DOUBLE (Line Drive, 7LM, EV 106.3 MPH)
|
Pinch Hitting: RHB Laroya Foronda
|
0-0: Foul Ball, location: 2F 0-1: Ball 1-1: Fly out, F8 (Flyball, 78XD, EV 96.3 MPH)
|
Batting: RHB Bill Defazio
|
0-0: Ball 1-0: Foul Ball, location: 2F 1-1: Ball 2-1: Ball 3-1: Foul Ball, location: 2F 3-2: Base on Balls
|
Pinch Runner at 2nd Justin Layton:
|
|
Batting: RHB Sam Smith
|
0-0: Called Strike 0-1: Fly out, F7 (Flyball, 78M, EV 78.1 MPH)
|
Top of the 9th over - 0 runs, 1 hit, 0 errors, 2 left on base; Salem-Keizer 5 - Boise 7 |
|